 Dungeon Crawl Stone Soup version 0.27-a0-1590-g15f69828bf (webtiles) character file.

Game seed: 166699122438320841

470 Shayle the Skirmisher (level 7, -1/74 HPs)
             Began as an Ogre Warper on July 19, 2021.
             Asphyxiated
             ... on level 3 of the Dungeon.
             The game lasted 00:15:22 (5300 turns).

Shayle the Skirmisher (Ogre Warper)                 Turns: 5300, Time: 00:15:22

Health: -1/74      AC: 10    Str: 16    XL:     7   Next: 9%
Magic:  3/10       EV: 12    Int: 16    God:
Gold:   131        SH:  0    Dex: 14    Spells: 1/11 levels left

rFire    . . .     SeeInvis +   d - +0 flail (protect)
rCold    . . .     Faith    .   (no shield)
rNeg     . . .     Spirit   .   b - +0 robe
rPois    .         Reflect  .   (helmet restricted)
rElec    .         Harm     .   (no cloak)
rCorr    .         Rampage  .   (gloves unavailable)
Will     .....                  (boots unavailable)
Stlth    +.........             (no amulet)
HPRegen  0.22/turn              f - +6 ring of dexterity
MPRegen  0.12/turn              k - ring of see invisible

@: lethally poisoned (-1 -> -34), under a protective aura, very slightly
contaminated
A: large, unfitting armour, tough skin 1
a: no special abilities


You were on level 3 of the Dungeon.
You visited 1 branch of the dungeon, and saw 5 of its levels.

You collected 145 gold pieces.
You spent 14 gold pieces at shops.

Inventory:

Hand Weapons
 a - a +0 spear
 c - a +0 hand crossbow
 d - a +0 flail of protection (weapon)
 t - a +0 long sword
Missiles
 i - 22 poisoned darts
 s - 4 boomerangs (quivered)
Armour
 b - a +0 robe (worn)
Jewellery
 f - a +6 ring of dexterity (left hand)
 k - a ring of see invisible (right hand)
Wands
 v - a wand of flame (4)
Scrolls
 g - a scroll of teleportation {unknown}
 j - a scroll of vulnerability {unknown}
 l - a scroll of noise {unknown}
 n - 2 scrolls of holy word {unknown}
 r - a scroll of acquirement {unknown}
 u - 2 scrolls of enchant armour {unknown}
Potions
 h - a potion of attraction
 p - a potion of flight
 q - a potion of haste


   Skills:
 + Level 5.8 Fighting
 - Level 2.0 Polearms
 - Level 1.0 Throwing
 * Level 5.7 Dodging
 + Level 2.5 Spellcasting
 + Level 0.1 Summonings
 + Level 2.7 Translocations


You had one spell level left.
You knew the following spells:

 Your Spells              Type           Power      Damage    Failure   Level
a - Blink                 Tloc           N/A        N/A       10%         2
b - Teleport Other        Tloc           10%        N/A       19%         3
c - Manifold Assault      Tloc           10%        N/A       87%         5

Your spell library contained the following spells:

 Spells                   Type           Power      Damage    Failure   Level
 Gell's Gravitas          Tloc           5%         N/A       19%         3
 Lesser Beckoning         Tloc           5%         N/A       19%         3
 Summon Guardian Golem    Hex/Summ       2%         N/A       50%         3
 Malign Gateway           Summ/Tloc      3%         N/A       100%        7
 Orb of Destruction       Conj           1%         N/A       100%        7
 Spellforged Servitor     Conj/Summ      1%         N/A       100%        7
 Summon Horrible Things   Summ           1%         N/A       100%        8


Dungeon Overview and Level Annotations

Branches:
Dungeon (5/15)
 Temple: D:4-7

Altars:
Fedhas
Trog

Shops:
D:2 *   D:3 [


Innate Abilities, Weirdness & Mutations

You are too large for most types of armour.
You have tough skin. (AC +1)


Message History

You are lethally poisoned!
Okay, then.
Okay, then.
Casting: Blink (safe; 10% risk of failure)
Confirm with . or Enter, or press ? or * to list all spells.
You don't know that spell.
Casting: Blink (safe; 10% risk of failure)
Confirm with . or Enter, or press ? or * to list all spells.
Aiming: Teleport Other (dangerous; 19% risk of failure)
Press: ? - help, Shift-Dir - straight line, f - kobold brigand
Aim: a kobold brigand, wielding a +1 short sword of venom and quivering poisoned darts (severely wounded, chance to affect: 46%)
The kobold brigand looks slightly unstable.
* * * LOW HITPOINT WARNING * * *
You feel very sick.
The kobold brigand hits you with a +0 short sword.
* * * LOW HITPOINT WARNING * * *
The hobgoblin hits you but does no damage.
The kobold brigand hits you with a +1 short sword of venom.
* * * LOW HITPOINT WARNING * * *
Unknown command.
Casting: Teleport Other (dangerous; 19% risk of failure)
Confirm with . or Enter, or press ? or * to list all spells.
You miscast Blink.
You are very lightly contaminated with residual magic.
Nothing appears to happen.
* * * LOW HITPOINT WARNING * * *
You feel very sick.
The kobold brigand hits you but does no damage.
The hobgoblin closely misses you. The kobold brigand misses you.
Casting: Blink (safe; 10% risk of failure)
Confirm with . or Enter, or press ? or * to list all spells.
You blink.
* * * LOW HITPOINT WARNING * * *
You feel very sick.
The kobold brigand disappears!
The kobold brigand throws a curare-tipped dart.
The curare-tipped dart hits you.
You are more poisoned.
You have difficulty breathing.
You die...

##### ###### ..... #....# ......
#....# ......#########....#####
#...Kg§....#......#...
#....K§....'@.....'..
#..........#......#.
......#########....## ......
#....# ..... #....#
################''#############
≈≈≈≈≈≈≈≈≈≈≈≈≈≈≈≈......≈≈≈≈≈≈≈≈≈≈≈
≈≈≈≈≈≈≈≈≈≈≈≈≈≈≈≈......≈≈≈≈≈≈≈≈≈≈≈
≈≈≈≈≈≈≈≈≈≈≈≈≈≈≈≈......≈≈≈≈≈≈≈≈≈≈≈


You could see a kobold brigand and a hobgoblin.

Vanquished Creatures
  A kobold brigand (D:3)
  A scorpion (D:4)
  2 jellies (D:4)
  An orc wizard (D:3)
  An iguana (D:4)
  A howler monkey skeleton (D:4)
  9 gnolls
  3 adders
  An adder skeleton (D:4)
  4 worms
  A dart slug (D:4)
  3 orcs
  7 endoplasms
  3 giant cockroaches (D:1)
  3 goblins (D:2)
  6 hobgoblins
  7 jackals
  2 quokkas (D:4)
  6 ball pythons
  5 bats
  5 frilled lizards
  21 kobolds
  4 rats
97 creatures vanquished.

Notes
Turn   | Place    | Note
-------+----------+-------------------------------------------
     0 | D:1      | Shayle the Ogre Warper began the quest for the Orb.
     0 | D:1      | Reached XP level 1. HP: 22/22 MP: 3/3
   122 | D:1      | Found a faded altar of an unknown god.
   353 | D:1      | Reached XP level 2. HP: 22/31 MP: 5/5
  1228 | D:1      | Learned a level 2 spell: Blink
  1281 | D:1      | Reached XP level 3. HP: 32/37 MP: 6/6
  1440 | D:2      | Found Hulewk's General Store.
  1448 | D:2      | Bought 2 curare-tipped darts for 14 gold pieces
  1685 | D:2      | Reached XP level 4. HP: 41/48 MP: 7/7
  2356 | D:4      | Found a blossoming altar of Fedhas.
  2641 | D:4      | Reached XP level 5. HP: 45/54 MP: 8/8
  3609 | D:3      | Found Xoosseih's Antique Armour Emporium.
  3611 | D:3      | Noticed an ogre
  3877 | D:3      | Noticed a kobold brigand
  3939 | D:3      | Killed a kobold brigand
  3940 | D:3      | Reached skill level 5 in Fighting
  3940 | D:3      | Reached skill level 5 in Dodging
  3940 | D:3      | Reached XP level 6. HP: 36/66 MP: 9/9
  4333 | D:3      | You fall into a shaft and drop 2 floors!
  4333 | D:5      | Entered Level 5 of the Dungeon
  4782 | D:4      | Found a bloodstained altar of Trog.
  5060 | D:4      | Reached XP level 7. HP: 74/74 MP: 10/10
  5088 | D:4      | Learned a level 3 spell: Teleport Other
  5094 | D:4      | Learned a level 5 spell: Manifold Assault
  5300 | D:3      | Asphyxiated

Illustrated notes

Levels and vault maps discovered:
D:1:      shiori_shiawase, layout_loops_ring, ebering_ecumenical_altar_rust,
          hangedman_decor_points
D:2:      layout_rooms, serial_shops, shop, hangedman_decor_clover_reticule,
          kennysheep_generic_room_13
D:3:      minmay_goblin_kobold_castle, layout_loops_ring, serial_shops,
          nicolae_diamond_shop
D:4:      layout_layer_cave, makhleb_blood_cavern_becter, fedhas_altar_3,
          minmay_ruined_shrine
D:5:      layout_cave_pods, nicolae_overflow_crystal_walls, zin_academy,
          serial_shops, shop, roderic_batcave, uniq_blork_the_orc

Skill      XL: |  1  2  3  4  5 |
---------------+----------------+-----
Fighting       | 3 4 5 |  5.8
Dodging        | 3 4 5 |  5.7
Polearms       | |  2.0
Throwing       | |  1.0
Spellcasting   | |  2.5
Summonings     | |  0.1
Translocations | |  2.7

Action                   |  1- 3 |  4- 6 |  7- 9 || total
-------------------------+-------+-------+-------++-------
Melee: Spear             |   156 |   192 |       ||   348
       Flail             |       |    82 |    21 ||   103
Throw: Dart              |     6 |     6 |       ||    12
       Boomerang         |       |     5 |       ||     5
 Cast: Blink             |       |     5 |     1 ||     6
       Teleport Other    |       |       |     1 ||     1
Evoke: Wand              |       |    12 |     2 ||    14
  Use: Potion            |       |     4 |       ||     4
       Scroll            |       |     4 |       ||     4
 Stab: Sleeping          |     1 |       |       ||     1
Armor: Robe              |    57 |    63 |    15 ||   135
       Skin              |       |    16 |       ||    16
Dodge: Dodged            |    92 |   157 |    28 ||   277

Table legend: (Time is in decaauts)
 A = Elapsed time spent in this place.
 B = Non-inter-level travel time spent in this place.
 C = Inter-level travel time spent in this place.
 D = Time resting spent in this place.
 E = Time spent auto-exploring this place.
 F = Levels seen in this place.
 G = Mean time per level.
                   A        B        C        D        E       F      G
               +--------+--------+--------+--------+--------+-----+--------+
         Total |   5348 |   5213 |    135 |   1578 |   1906 |   5 | 1069.6 |
       Dungeon |   5348 |   5213 |    135 |   1578 |   1906 |   5 | 1069.6 |
               +--------+--------+--------+--------+--------+-----+--------+

Top non-repeatable levels by time:
     D:4: 1859 daAuts
     D:1: 1323 daAuts
     D:3: 1028 daAuts
     D:2: 912 daAuts
     D:5: 225 daAuts
